 Dungeon Crawl Stone Soup version 0.31.0-32-g396128a36d (webtiles) character file.

Game seed: 12751428229598407926

56 Jinxx the Vexing (level 3, 0/28 HPs)
             Began as a Gnoll Hexslinger on Apr 6, 2024.
             Succumbed to an adder's poison
             ... on level 3 of the Dungeon.
             The game lasted 00:07:45 (1827 turns).

Jinxx the Vexing (Gnoll Hexslinger)                 Turns: 1827, Time: 00:07:46

Health: 0/28       AC:  3    Str:  7    XL:     3   Next: 97%
Magic:  7/7        EV: 13    Int: 14    God:
Gold:   128        SH:  5    Dex: 14    Spells: 2/7 levels left

rFire   . . .        a - +1 sling
rCold   . . .        (no shield)
rNeg    . . .        c - +0 robe
rPois   .            (no helmet)
rElec   .            m - +0 cloak
rCorr   .            (no gloves)
SInv    .            (no boots)
Will    .....        i - amulet of reflection
Stlth   ++           (no ring)
HPRegen 0.24/turn    (no ring)
MPRegen 0.10/turn

%: reflection
@: mighty, lethally poisoned (0 -> -5)
A: fangs 1, strong nose, distributed training, hooves 1
a: no special abilities


You were on level 3 of the Dungeon.
You visited 1 branch of the dungeon, and saw 3 of its levels.

You collected 128 gold pieces.

Inventory:

Hand Weapons
 a - a +1 sling (weapon)
Missiles
 h - 4 silver javelins
 k - 18 stones
 n - 2 datura-tipped darts
 p - 5 javelins
Armour
 c - a +0 robe (worn)
 m - a +0 cloak (worn)
Jewellery
 i - an amulet of reflection (around neck)
Scrolls
 b - a scroll of poison
 e - a scroll of enchant armour {unknown}
 g - a scroll of enchant weapon
 l - 2 scrolls of torment {unknown}
 r - a scroll of vulnerability {unknown}
Potions
 f - a potion of attraction
 o - 2 potions of cancellation


   Skills:
 + Level 2.7 Fighting
 + Level 1.0 Short Blades
 + Level 1.0 Long Blades
 + Level 1.0 Axes
 + Level 1.0 Maces & Flails
 + Level 1.0 Polearms
 + Level 1.0 Staves
 + Level 4.6 Ranged Weapons
 + Level 1.0 Throwing
 + Level 1.0 Armour
 + Level 4.6 Dodging
 + Level 1.0 Stealth
 + Level 1.0 Shields
 + Level 1.0 Unarmed Combat
 + Level 2.9 Spellcasting
 + Level 0.7 Conjurations
 + Level 5.4 Hexes
 + Level 0.7 Summonings
 + Level 0.7 Necromancy
 + Level 0.7 Translocations
 + Level 2.2 Fire Magic
 + Level 0.7 Ice Magic
 + Level 0.7 Air Magic
 + Level 0.7 Earth Magic
 + Level 0.7 Alchemy
 + Level 1.1 Invocations
 + Level 1.0 Evocations
 + Level 0.9 Shapeshifting


You had 2 spell levels left.
You knew the following spells:

 Your Spells              Type           Power      Damage    Failure   Level
a - Necrotise             Necr           16%        1d4       16%         1
b - Summon Small Mammal   Summ           16%        N/A       16%         1
c - Jinxbite              Hex            34%        N/A       3%          2
d - Apportation           Tloc           8%         N/A       16%         1

Your spell library contained the following spells:

 Spells                   Type           Power      Damage    Failure   Level
 Sting                    Conj/Alch      16%        1d4       16%         1
 Cigotuvi's Dreadful Rot  Necr/Alch/Air  8%         N/A       24%         2
 Sigil of Binding         Hex            17%        N/A       7%          3
 Inner Flame              Hex/Fire       12%        N/A       14%         3
 Cause Fear               Hex            8%         N/A       22%         4
 Dimensional Bullseye     Hex/Tloc       5%         N/A       52%         4
 Ignite Poison            Fire/Alch      6%         N/A       75%         4
 Freezing Cloud           Conj/Ice/Air   2%         6-21      99%         5


Dungeon Overview and Level Annotations

Branches:
Dungeon (3/15)

Altars:


Innate Abilities, Weirdness & Mutations

You have very sharp teeth.
Your uncanny sense of smell can sniff out nearby items.
Your experience applies equally to all skills.
You have large cloven feet.


Message History

You shoot a sling bullet.
The sling bullet barely misses the adder.
You feel sick. The adder closely misses you. The ball python bites you.
The ball python closely misses you.
You shoot a sling bullet.
The sling bullet closely misses the adder.
You feel sick. The adder bites you. The ball python completely misses you.
You block the ball python's attack. The adder bites you.
You feel sick. The adder attacks as it pursues you!
The adder closely misses you. The ball python completely misses you.
The ball python grabs you. The ball python constricts you.
You escape the ball python's grasp.
You feel sick. The adder attacks as it pursues you!
The adder bites you but does no damage.
You feel very mighty all of a sudden.
You feel sick. The adder bites you.
* * * LOW HITPOINT WARNING * * *
You are more poisoned.
The adder poisons you! The adder bites you.
* * * LOW HITPOINT WARNING * * *
You shoot a sling bullet. The sling bullet hits the adder.
The adder is severely wounded.
You feel sick. The adder bites you.
* * * LOW HITPOINT WARNING * * *
You are lethally poisoned!
The adder poisons you!
You shoot a sling bullet.
The sling bullet barely misses the adder.
The sling bullet closely misses the ball python.
* * * LOW HITPOINT WARNING * * *
You feel sick. You block the adder's attack. The adder misses you.
It was a potion of mutation.
You feel extremely strange.
Your feet thicken and deform.
* * * LOW HITPOINT WARNING * * *
You feel sick. The adder misses you.
Unknown command.
Okay, then.
As you read the scroll of fear, it crumbles to dust.
You assume a fearsome visage.
The quokka looks frightened!
The adder looks frightened!
The ball python looks frightened!
You die...

.. . . .# .. ..
.### .<. .>. .†.
.... .... #.# .....
.....##.##......
#....Sr..#
#####S#### #@# #+##
#####.######.. #
#.........##.# .#
#.###.###.##.####.#
#.###.........#
#.............#
#####.........#
###.........###
..............†.


You could see an adder (fleeing), a quokka (fleeing) and a ball python
(fleeing).

Vanquished Creatures
  An adder (D:2)
  A dart slug (D:2)
  4 bats
  5 endoplasms
  A giant cockroach (D:1)
  4 goblins
  5 hobgoblins
  5 kobolds
  6 ball pythons
  4 frilled lizards
  5 rats
41 creatures vanquished.

Notes
Turn   | Place    | Note
-------+----------+-------------------------------------------
     0 | D:1      | Jinxx the Gnoll Hexslinger began the quest for the Orb.
     0 | D:1      | Reached XP level 1. HP: 17/17 MP: 4/4
    20 | D:1      | Learned a level 1 spell: Necrotise
   275 | D:1      | Reached XP level 2. HP: 13/23 MP: 0/5
   339 | D:1      | Learned a level 1 spell: Summon Small Mammal
   342 | D:1      | Learned a level 2 spell: Jinxbite
   405 | D:1      | Learned a level 1 spell: Apportation
   717 | D:2      | Reached XP level 3. HP: 26/28 MP: 7/7
   969 | D:2      | Reached skill level 1 in Invocations
  1117 | D:2      | Reached skill level 1 in Short Blades
  1117 | D:2      | Reached skill level 1 in Long Blades
  1117 | D:2      | Reached skill level 1 in Axes
  1117 | D:2      | Reached skill level 1 in Maces & Flails
  1117 | D:2      | Reached skill level 1 in Polearms
  1117 | D:2      | Reached skill level 1 in Staves
  1117 | D:2      | Reached skill level 1 in Throwing
  1117 | D:2      | Reached skill level 1 in Armour
  1117 | D:2      | Reached skill level 1 in Stealth
  1117 | D:2      | Reached skill level 1 in Shields
  1117 | D:2      | Reached skill level 1 in Unarmed Combat
  1117 | D:2      | Reached skill level 1 in Evocations
  1826 | D:3      | Gained mutation: You have large cloven feet. [potion of
                  | mutation]
  1826 | D:3      | HP: 1/28 [poisoned by an adder]
  1827 | D:3      | Succumbed to an adder's poison

Illustrated notes

Levels and vault maps discovered:
D:1:      minmay_arrival_four_circles, layout_rooms, due_unseen_surprise
D:2:      layout_loops_ring, minmay_pentomino_r2
D:3:      layout_loops_corners, uniq_natasha, uniq_sigmund

Skill      XL: |  1  2  3 |
---------------+----------+-----
Fire Magic     | 2 |  2.2
Invocations    | 1 |  1.1
Short Blades   | 1 |  1.0
Long Blades    | 1 |  1.0
Axes           | 1 |  1.0
Maces & Flails | 1 |  1.0
Polearms       | 1 |  1.0
Staves         | 1 |  1.0
Throwing       | 1 |  1.0
Armour         | 1 |  1.0
Stealth        | 1 |  1.0
Shields        | 1 |  1.0
Unarmed Combat | 1 |  1.0
Evocations     | 1 |  1.0
Fighting       | |  2.7
Ranged Weapons | |  4.6
Dodging        | |  4.6
Spellcasting   | |  2.9
Conjurations   | |  0.7
Hexes          | |  5.4
Summonings     | |  0.7
Necromancy     | |  0.7
Translocations | |  0.7
Ice Magic      | |  0.7
Air Magic      | |  0.7
Earth Magic    | |  0.7
Alchemy        | |  0.7
Shapeshifting  | |  0.9

Action                     || total
---------------------------++-------
   Fire: Sling             ||   111
   Cast: Necrotise         ||    17
    Use: Scroll            ||     6
         Potion            ||     2
 Armour: Robe              ||    34
  Dodge: Dodged            ||    34
  Block: Other             ||    10
